 Dungeon Crawl Stone Soup version 0.30.0-17-ge0270778cf (webtiles) character file.

Game seed: 9988777132985152047

4246 Atelerd the Covert (level 10, -7/60 HPs)
             Began as an Octopode Earth Elementalist on May 21, 2023.
             Was a Follower of Sif Muna.
             Mangled by a shadow (24 damage)
             ... on level 9 of the Dungeon.
             The game lasted 00:16:41 (10723 turns).

Atelerd the Covert (Octopode Earth Elementalist)   Turns: 10723, Time: 00:16:42

Health: -7/60      AC:  1    Str:  7    XL:     10   Next: 30%
Magic:  16/20      EV: 14    Int: 29    God:    Sif Muna [*.....]
Gold:   443        SH:  0    Dex: 12    Spells: 18/23 levels left

rFire   . . .        b - +0 dagger
rCold   . . .        (no shield)
rNeg    . . .        (helmet restricted)
rPois   .            (no amulet)
rElec   .            n - +6 ring of intelligence
rCorr   .            (no ring)
SInv    .            (no ring)
Will    .....        (no ring)
Stlth   +++++        (no ring)
HPRegen 0.30/turn    (no ring)
MPRegen 0.17/turn    (no ring)
                     (no ring)

%: no passive effects
@: about to teleport
A: almost no armour, amphibious, 8 rings, camouflage 1, gelatinous body 1,
(nimble swimmer 1), tentacles
a: Renounce Religion, Channel Magic


You were on level 9 of the Dungeon.
You worshipped Sif Muna.
Sif Muna was aware of your devotion.
You visited 2 branches of the dungeon, and saw 10 of its levels.

You collected 443 gold pieces.

Inventory:

Hand Weapons
 b - a +0 dagger (weapon)
 t - the +7 mace "Viskigik" {heavy, Str+5 Int+3}
   (You found it on level 4 of the Dungeon)

   Str:       It affects your strength (+5).
   Int:       It affects your intelligence (+3).
Jewellery
 n - a +6 ring of intelligence (left tentacle)
Wands
 k - a wand of polymorph (4)
 r - a wand of flame (29)
 C - a wand of roots (6)
 D - a wand of paralysis (5)
 E - a wand of mindburst (13)
Scrolls
 c - a scroll of summoning
 e - 3 scrolls of torment
 g - a scroll of poison
 h - 5 scrolls of enchant armour
 l - 3 scrolls of teleportation
 o - 2 scrolls of fog
 q - a scroll of brand weapon
 w - a scroll of noise
 x - a scroll of fear {unknown}
 y - a scroll of vulnerability
 B - a scroll of blinking
 F - a scroll of amnesia {unknown}
 G - a scroll of enchant weapon {unknown}
Potions
 a - 2 potions of magic
 d - 5 potions of curing
 f - 5 potions of heal wounds
 i - 2 potions of invisibility
 j - 2 potions of ambrosia
 m - 4 potions of attraction
 p - 3 potions of haste
 s - a potion of degeneration {unknown}
 u - a potion of berserk rage
 v - a potion of brilliance {unknown}
 z - 2 potions of flight {unknown}
 A - 3 potions of resistance {unknown}


   Skills:
 - Level 2.0 Fighting
 - Level 2.0 Short Blades
 - Level 5.0 Dodging
 - Level 10.0 Stealth
 + Level 7.1 Spellcasting
 - Level 3.0 Transmutations
 + Level 8.9 Earth Magic
 - Level 2.0 Invocations


You had 18 spell levels left.
You knew the following spells:

 Your Spells              Type           Power      Damage    Failure   Level
a - Sandblast             Erth           100%       2d20      1%          1
p - Petrify               Tmut/Erth      45%        N/A       4%          4

Your spell library contained the following spells:

 Spells                   Type           Power      Damage    Failure   Level
 Beastly Appendage        Tmut           54%        N/A       1%          1
 Passwall                 Tmut/Erth      37%        N/A       1%          2
 Wereblood                Tmut           27%        N/A       2%          2
 Stone Arrow              Conj/Erth      72%        3d11      2%          3
 Kiss of Death            Conj/Necr      40%        2d8       4%          1
 Leda's Liquefaction      Hex/Erth       18%        N/A       8%          4
 Spider Form              Tmut/Pois      19%        N/A       9%          3
 Call Canine Familiar     Summ           10%        N/A       16%         3
 Confusing Touch          Hex            10%        N/A       16%         3
 Inner Flame              Hex/Fire       10%        N/A       16%         3
 Portal Projectile        Hex/Tloc       20%        N/A       16%         3
 Cause Fear               Hex            5%         N/A       45%         4
 Dispel Undead            Necr           10%        3d9       45%         4
 Yara's Violent Unravell  Hex/Tmut       9%         3d6       58%         5
 Dragon Form              Tmut           13%        N/A       100%        7
 Enfeeble                 Hex            5%         N/A       100%        7
 Dragon's Call            Summ           5%         N/A       100%        9


Dungeon Overview and Level Annotations

Branches:
Dungeon (9/15)             Temple (1/1) D:6
   Lair: D:8-11         Orc: D:9-12

Altars:
Ashenzari
Cheibriados
Elyvilon
Fedhas
Gozag
Kikubaaqudgha
Makhleb
Okawaru
Qazlal
Sif Muna
Trog
Uskayaw
Vehumet
Yredelemnul
Zin

Shops:
D:8 =

Annotations:
D:3 exclusion: downstairs
D:5 exclusion: downstairs
D:8 exclusion: 2 downstairs


Innate Abilities, Weirdness & Mutations

You cannot wear most types of armour.
You are amphibious.
You can wear up to eight rings at the same time.
Your skin changes colour to match your surroundings (Stealth+).
Your rubbery body absorbs attacks. (AC +1, EV +1)
((You are camouflaged when in or above water. (Stealth+)))
You have tentacles for arms and can constrict up to eight enemies at once.


Message History

The orc priest calls upon Beogh to heal the orc warrior.
The orc warrior's wounds heal themselves!
You hear a shout!
You see here a +0 short sword.
The grasping roots constrict the orc warrior!
You hear a shout!
You hear a bellow!
The roots release their grip on the orc warrior.
The shadow slips into darkness.
The shadow flickers and vanishes!
Deactivating autopickup; reactivate with Ctrl-A.
As you read the scroll of teleportation, it crumbles to dust.
You feel strangely unstable.
The helpless orc warrior fails to defend itself.
You impale the orc warrior!! You grab the orc warrior.
The orc warrior is heavily wounded.
You constrict the orc warrior, but do no damage.
The orc wizard hits you with a +0 dagger.
Unknown command.
The helpless orc warrior fails to defend itself.
You impale the orc warrior!!
You kill the orc warrior!
Sif Muna accepts your kill. The orc wizard barely misses you.
The orc priest hits you with a +0 heavy hand axe!
The orc hits you with a +0 hand axe of draining!
You feel drained.
Your life force feels restored.
Unknown command.
The orc wizard attacks as you move away!
The orc wizard hits you with a +0 dagger.
The orc attacks as you move away! The orc barely misses you.
The orc priest attacks as you move away!
The orc priest barely misses you.
The orc priest mumbles some strange prayers to Beogh against you.
Beogh smites you!
* * * LOW HITPOINT WARNING * * *
The shadow slips into darkness.
The shadow flickers and vanishes!
The shadow strikes at you from the darkness!
You die...

######### #.......#
#######
#.......#####.......
#.......##..........
#####
#.......#..##.......
Y...# #.......#.##
....... #.#.# #.......)>#
....... #...#
.'.#......)### ....Y..
#Y####### #.'...@.).#
....... #.†.Y....
##...o.oo.# ##YY.##
######..'##......o..#
.#.# #...................
###.............{.......
##..............o......##
.'.....................#
##.......................
##.....##W...............


You could see 2 orc priests, an orc wizard and 2 orcs.

Vanquished Creatures
  A two-headed ogre (D:9)
  A hornet (D:8)
  2 yaks
  Eustachio (D:5)
  A steam dragon (D:8)
  3 sky beasts
  3 orc warriors (D:9)
  An ice beast (D:7)
  A black bear (D:6)
  An ogre (D:5)
  A centaur (D:7)
  2 phantoms
  A kobold brigand (D:8)
  5 bullfrogs
  2 scorpions
  9 wights (D:8)
  3 jellies
  A howler monkey (D:5)
  4 orc priests
  A quasit (D:7)
  Crazy Yiuf (D:7)
  2 sleepcaps
  Jessica (D:2)
  A gnoll bouda (D:5)
  5 iguanas
  3 orc wizards
  A mummy (D:7)
  4 adders
  5 gnolls
  2 shadow imps (D:7)
  2 white imps
  5 ufetubi
  2 worms (D:2)
  4 dart slugs
  17 orcs
  4 bats
  6 endoplasms
  4 giant cockroaches
  4 goblins
  9 hobgoblins
  5 jackals
  4 quokkas
  11 ball pythons
  3 frilled lizards
  11 kobolds
  4 rats
164 creatures vanquished.

Vanquished Creatures (others)
  A kobold (D:8)
1 creature vanquished.

Grand Total: 165 creatures vanquished

Notes
Turn   | Place    | Note
-------+----------+-------------------------------------------
     0 | D:1      | Atelerd the Octopode Earth Elementalist began the quest for
                  | the Orb.
     0 | D:1      | Reached XP level 1. HP: 11/11 MP: 3/3
   195 | D:1      | Reached XP level 2. HP: 17/17 MP: 1/5
   256 | D:1      | Reached skill level 3 in Stealth
   709 | D:1      | Reached XP level 3. HP: 20/21 MP: 3/6
  1284 | D:2      | Noticed Jessica
  1289 | D:2      | Killed Jessica
  1290 | D:2      | Reached XP level 4. HP: 20/27 MP: 5/7
  1788 | D:3      | Reached skill level 4 in Stealth
  2374 | D:3      | Learned a level 4 spell: Petrify
  2617 | D:4      | Noticed a phantom
  2626 | D:4      | Killed a phantom
  2627 | D:4      | Reached XP level 5. HP: 20/31 MP: 1/9
  2791 | D:4      | Identified the +7 mace "Viskigik" {heavy, Str+5 Int+3}
  3024 | D:4      | Reached XP level 6. HP: 15/36 MP: 3/10
  3294 | D:4      | Reached skill level 5 in Stealth
  3527 | D:4      | Found a basalt altar of Yredelemnul.
  3645 | D:4      | Found a white marble altar of Elyvilon.
  3877 | D:5      | Entered Level 5 of the Dungeon
  3960 | D:5      | Reached skill level 5 in Earth Magic
  3960 | D:5      | Reached XP level 7. HP: 20/41 MP: 5/12
  4164 | D:5      | Noticed Eustachio
  4178 | D:5      | Killed Eustachio
  4362 | D:5      | Reached skill level 1 in Short Blades
  4469 | D:5      | Reached XP level 8. HP: 31/46 MP: 11/14
  5212 | D:6      | Reached skill level 1 in Fighting
  5441 | D:6      | Found a stormy altar of Qazlal.
  5739 | D:6      | Reached skill level 6 in Stealth
  5944 | D:6      | Found a staircase to the Ecumenical Temple.
  6160 | Temple   | Entered the Ecumenical Temple
  6322 | Temple   | Became a worshipper of Sif Muna the Loreminder
  6776 | D:7      | Found a runed translucent door.
  6777 | D:7      | Noticed Crazy Yiuf
  6794 | D:7      | Found a snail-covered altar of Cheibriados.
  6800 | D:7      | Reached skill level 5 in Spellcasting
  6875 | D:7      | Identified the +0 pair of gloves of the Rose {*Corrode
                  | Drain Int+6 SInv}
  6923 | D:7      | Reached skill level 7 in Stealth
  7114 | D:7      | Reached skill level 1 in Invocations
  7114 | D:7      | Reached XP level 9. HP: 18/54 MP: 1/16
  7911 | D:7      | Killed Crazy Yiuf
  8661 | D:8      | Reached skill level 8 in Stealth
  9103 | D:8      | Noticed a hornet
  9157 | D:8      | Reached * piety under Sif Muna
  9341 | D:8      | Killed a hornet
  9524 | D:8      | Found Vucwinou's Jewellery Emporium.
  9573 | D:8      | Found a blossoming altar of Fedhas.
  9573 | D:8      | Found a radiant altar of Vehumet.
  9573 | D:8      | Found a burning altar of Makhleb.
  9645 | D:8      | Found a broken altar of Ashenzari.
  9894 | D:9      | Reached skill level 9 in Stealth
 10001 | D:9      | Noticed a two-headed ogre
 10014 | D:9      | Killed a two-headed ogre
 10015 | D:9      | Reached skill level 5 in Dodging
 10015 | D:9      | Reached skill level 10 in Stealth
 10015 | D:9      | Reached XP level 10. HP: 60/60 MP: 15/20
 10723 | D:9      | Mangled by a shadow

Illustrated notes

Levels and vault maps discovered:
D:1:      eino_arrival_cavern_d, layout_loops_cross
D:2:      layout_loops_ring, grunt_decor_mini_mirrors,
          chequers_serial_rivers_marsh, uniq_jessica
D:3:      layout_basic, minmay_randomly_rotated_circles
D:4:      layout_loops_ring, kennysheep_ying_yang, sigmund_army
D:5:      layout_gridville, uniq_eustachio
D:6:      layout_layer_cave, nicolae_qazlal_beasts_of_the_sky,
          minmay_temple_entry_poolview
D:7:      layout_loops_ring, slow_altar_2, serial_demonic, serial_demonic_f,
          serial_demonic_f, serial_demonic_e, serial_demonic_a,
          uniq_crazy_yiuf_cottage
D:8:      layout_loops_ring, grunt_temple_overflow_cloverleaf, serial_shops,
          shop
D:9:      layout_roguey, mainiacjoe_overflow_24_doors,
          mainiacjoe_overflow_six_doors_small, dpeg_oklobed_lair, erik_orc_4,
          grunt_ministairs_1, uniq_joseph
Temple:   grunt_temple_mini_profane

Skill      XL: |  1  2  3  4  5  6  7  8  9 10 |
---------------+-------------------------------+-----
Stealth        | 3 4 5 7 10 | 10.0
Transmutations | 2 3 |  3.0
Earth Magic    | 4 5 6 7 8 |  8.9
Dodging        | 3 5 |  5.0
Spellcasting   | 3 4 5 6 7 |  7.1
Short Blades   | 1 2 |  2.0
Fighting       | 2 |  2.0
Invocations    | 1 2 |  2.0

Action                     |  1- 3 |  4- 6 |  7- 9 | 10-12 || total
---------------------------+-------+-------+-------+-------++-------
  Melee: Unarmed           |     7 |       |       |       ||     7
         Constrict         |    12 |    12 |    10 |     3 ||    37
         Tentacles         |     6 |     6 |    24 |     6 ||    42
         Dagger            |    35 |       |    16 |     7 ||    58
         Club              |       |    28 |       |       ||    28
         Mace              |       |     9 |    57 |    10 ||    76
   Cast: Sandblast         |    28 |    63 |    98 |    11 ||   200
         Petrify           |       |       |    45 |    10 ||    55
  Evoke: Wand              |       |       |     4 |     2 ||     6
    Use: Scroll            |       |     8 |     8 |     2 ||    18
         Potion            |       |     2 |     1 |       ||     3
   Stab: Sleeping          |    11 |     7 |     4 |       ||    22
         Petrified         |       |       |    29 |    15 ||    44
         Petrifying        |       |       |     1 |       ||     1
 Armour: Skin              |     4 |     1 |     8 |     1 ||    14
  Dodge: Dodged            |    27 |    58 |    69 |    12 ||   166
